 Dungeon Sprint DCSS version 0.29-a0-375-g5102b3be25 (webtiles) character file.

Game seed: 18219678435810906967

122 mhtbhm the Cleaver (level 4, -6/43 (48) HPs)
             Began as a Minotaur Berserker on May 3, 2022.
             Was a Priest of Trog.
             Killed from afar by a necromancer (25 damage)
             ... with a bolt of negative energy
             ... in the Dungeon (Sprint III: "The Ten Rune Challenge").
             The game lasted 00:00:28 (393 turns).

mhtbhm the Cleaver (Minotaur Berserker)              Turns: 393, Time: 00:00:29

HP:   -6/43 (48)    AC:  2    Str: 24    XL:     4   Next: 78%
MP:   3/3           EV: 12    Int:  4    God:    Trog [***...]
Gold: 20            SH:  0    Dex:  9    Spells: 3/3 levels left

rFire   . . .      SeeInvis .   a - +0 hand axe
rCold   . . .      Faith    .   (no shield)
rNeg    . . .      Spirit   .   b - +0 animal skin
rPois   .          Reflect  .   (helmet restricted)
rElec   .          Harm     .   (no cloak)
rCorr   .          Rampage  .   (no gloves)
Will    .....      NoTele   +   (no boots)
Stlth   +.........              (no amulet)
HPRegen 0.14/turn               (no ring)
MPRegen 0.08/turn               (no ring)

@: heavily drained
A: horns 2, retaliatory headbutt
a: Renounce Religion, Berserk, Trog's Hand


You were in the Dungeon.
You worshipped Trog.
Trog was most pleased with you.
You visited 1 branch You collected 20 gold pieces.

Inventory:

Hand Weapons
 a - a +0 hand axe (weapon)
Armour
 b - a +0 animal skin (worn)
Scrolls
 h - a scroll of blinking
 i - a scroll of acquirement {unknown}
 j - a scroll of immolation {unknown}
 k - 3 scrolls of identify
 m - a scroll of poison {unknown}
Potions
 c - a potion of curing
 d - a potion of heal wounds
 e - a potion of haste
 f - 2 potions of magic
 g - a potion of berserk rage
 l - 3 potions of flight
 n - 5 potions of mutation


   Skills:
 + Level 7.9 Fighting
 + Level 8.2 Axes
 + Level 4.3 Armour
 + Level 4.0 Dodging


You had 3 spell levels left.
You didn't know any spells.
Your spell library was empty.

Dungeon Overview and Level Annotations

Branches:
Dungeon (1/1)

Altars:
Dithmenos
Ru
Yredelemnul


Innate Abilities, Weirdness & Mutations

You have a pair of horns on your head.
You reflexively headbutt those who attack you in melee.


Message History

You recover from your berserk rage.
You start resting.
HP restored.
You open the door.
A necrophage and a necromancer come into view.
The necromancer shouts!
The necromancer mumbles some strange words.
The necromancer binds the souls of nearby monsters.
Found a wooden wand.
Found three altars.
You hit the necrophage. Your headbutt misses the necrophage.
The necrophage is lightly damaged.
The necrophage closely misses you.
The necromancer points at you and mumbles some strange words.
The bolt of negative energy hits the necrophage.
The necrophage completely resists.
The bolt of negative energy hits you!!
You feel drained.
You barely miss the necrophage. The necrophage hits you.
You feel drained.
You slash the necrophage!
The necrophage is moderately damaged.
The necrophage misses you.
You hit the necrophage but do no damage.
You headbutt the necrophage, but do no damage.
The necrophage is moderately damaged.
You closely miss the necrophage.
The necrophage is moderately damaged.
The necrophage completely misses you.
You slash the necrophage! Your headbutt misses the necrophage.
The necrophage is severely damaged.
The necromancer gestures at you while chanting.
The bolt of negative energy hits the necrophage.
The necrophage completely resists.
The bolt of negative energy misses you. The necrophage closely misses you.
You closely miss the necrophage.
The necrophage is severely damaged.
The necromancer points at you and mumbles some strange words.
The bolt of negative energy hits the necrophage.
The necrophage completely resists.
The bolt of negative energy hits you!!
You feel drained.
Ouch! That really hurt!
You die...

▓▓ ▓▓▓ .♣ ♣.# ####
.♣♣ ♣.# #__# ..♣
♣♣.# #p_
≈♣♣♣♣..###+#+###n##
≈♣..♣♣.#........@.#
≈≈♣.♣♣.'.⌠........#
≈≈≈≈.♣.#...######+#
≈≈≈....#.⌠.#
≈≈.....#...#
.......#+###
.......# .......#
▓▓▓▓▓▓▓▓


You could see a necromancer and a necrophage (wandering).

Vanquished Creatures
  A water elemental (D)
  Jessica (D)
  A human (D)
  A wolf (D)
  2 endoplasms (D)
  A rat (D)
7 creatures vanquished.

Notes
Turn   | Place    | Note
-------+----------+-------------------------------------------
     0 | D        | mhtbhm the Minotaur Berserker began the quest for the Orb.
     0 | D        | Reached XP level 1. HP: 19/19 MP: 0/0
     4 | D        | Reached skill level 4 in Axes
    11 | D        | Noticed Jessica
    13 | D        | Reached ** piety under Trog
    15 | D        | Killed Jessica
    16 | D        | Reached skill level 5 in Fighting
    16 | D        | Reached skill level 5 in Axes
    16 | D        | Reached XP level 2. HP: 22/30 MP: 1/1
    16 | D        | Reached XP level 3. HP: 27/37 MP: 2/2
   165 | D        | Reached skill level 6 in Axes
   255 | D        | Noticed a water elemental
   263 | D        | Killed a water elemental
   263 | D        | Reached *** piety under Trog
   264 | D        | Reached skill level 8 in Axes
   264 | D        | Reached XP level 4. HP: 40/48 MP: 3/3
   386 | D        | Found a basalt altar of Yredelemnul.
   386 | D        | Found a shadowy altar of Dithmenos.
   386 | D        | Found a sacrificial altar of Ru.
   386 | D        | Noticed a necrophage
   393 | D        | Killed from afar by a necromancer

Illustrated notes

Levels and vault maps discovered:
D:        dungeon_sprint_mu [sprint_mu_entry_forest, sprint_mu_temple_rooms,
          sprint_mu_d1_spiders, sprint_mu_d2_genie, sprint_mu_d3_branching,
          sprint_mu_orc_legion, sprint_mu_elf_gauntlet, sprint_mu_hive_nellie,
          sprint_mu_lair_fedhas, sprint_mu_vaults_butterflies,
          sprint_mu_slime_circle, sprint_mu_swamp_cave, sprint_mu_snake_twists,
          sprint_mu_blade_basic, sprint_mu_crypt_lich, sprint_mu_tomb_spiral,
          sprint_mu_vestibule_basic, sprint_mu_gehenna_hellfire,
          sprint_mu_dis_giant, sprint_mu_tartarus_statrot,
          sprint_mu_cocytus_islands, sprint_mu_zot1]

Skill      XL: |  1  2  3 |
---------------+----------+-----
Fighting       | 5 7 |  7.9
Axes           | 5 8 |  8.2
Armour         | 3 4 |  4.3
Dodging        | 4 |  4.0

Action                   |  1- 3 |  4- 6 || total
-------------------------+-------+-------++-------
Melee: Hand axe          |    18 |     7 ||    25
       Headbutt          |     2 |     1 ||     3
       Punch             |     1 |       ||     1
Invok: Berserk           |     3 |       ||     3
Armor: Animal skin       |     1 |       ||     1
Dodge: Dodged            |     8 |     5 ||    13

Table legend: (Time is in decaauts)
 A = Elapsed time spent in this place.
 B = Non-inter-level travel time spent in this place.
 C = Inter-level travel time spent in this place.
 D = Time resting spent in this place.
 E = Time spent auto-exploring this place.
 F = Levels seen in this place.
 G = Mean time per level.
                   A        B        C        D        E       F      G
               +--------+--------+--------+--------+--------+-----+--------+
         Total |    427 |    427 |      0 |    314 |     20 |   1 |  427.0 |
       Dungeon |    427 |    427 |      0 |    314 |     20 |   1 |  427.0 |
               +--------+--------+--------+--------+--------+-----+--------+

Top non-repeatable levels by time:
       D: 427 daAuts
